 Dungeon Crawl Stone Soup version 0.29-a0-284-gf9362112df (webtiles) character file.

Game seed: 9696724575408796167

904 sammy202020 the Skirmisher (level 7, -4/64 HPs)
             Began as a Minotaur Berserker on Mar 22, 2022.
             Was a Priest of Trog.
             Killed from afar by a white draconian stormcaller (45 damage)
             ... with a blast of cold
             ... on level 2 of the Abyss.
             The game lasted 00:05:38 (3791 turns).

sammy202020 the Skirmisher (Minotaur Berserker)     Turns: 3791, Time: 00:05:40

Health: -4/64      AC: 14    Str: 28    XL:     7   Next: 80%
Magic:  6/6        EV:  8    Int:  6    God:    Trog [***...]
Gold:   365        SH:  0    Dex:  9    Spells: 6/6 levels left

rFire   . . .      SeeInvis .   y - +0 war axe
rCold   . . .      Faith    .   (no shield)
rNeg    . . .      Spirit   .   w - +0 plate armour
rPois   +          Reflect  .   (helmet restricted)
rElec   .          Harm     .   d - +0 cloak
rCorr   .          Rampage  .   (no gloves)
Will    .....                   (no boots)
Stlth   ..........              o - amulet of Fedhas, Supporting {rPois Regen+}
HPRegen 1.00/turn               m - +6 ring of strength
MPRegen 0.10/turn               (no ring)

@: on berserk cooldown, slowed, very slow
A: horns 2, retaliatory headbutt
a: Renounce Religion, Berserk, Trog's Hand


You were on level 2 of the Abyss.
You worshipped Trog.
Trog was most pleased with you.
You visited 1 branch of the dungeon, and saw 5 of its levels.
You visited the Abyss 1 time.

You collected 365 gold pieces.

Inventory:

Hand Weapons
 a - a +0 hand axe
 h - a +0 mace
 p - a +2 hunting sling of flaming
 u - a +1 flail of protection
 y - a +0 war axe (weapon)
Missiles
 j - 3 curare-tipped darts (quivered)
Armour
 d - a +0 cloak (worn)
 w - a +0 plate armour (worn)
Jewellery
 m - a +6 ring of strength (left hand)
 o - the amulet of Fedhas, Supporting (around neck) {rPois Regen+}
   (You found it on level 2 of the Dungeon)

   [amulet of regeneration]

   rPois:     It protects you from poison.
   Regen:     It increases your rate of health regeneration.
Wands
 f - a wand of iceblast (15)
 k - a wand of flame (11)
Scrolls
 b - a scroll of fear {unknown}
 c - 8 scrolls of identify
 e - 4 scrolls of teleportation
 i - a scroll of summoning {unknown}
 r - 4 scrolls of vulnerability {unknown}
 s - a scroll of enchant weapon {unknown}
 t - a scroll of magic mapping
Potions
 g - a potion of ambrosia {unknown}
 l - 2 potions of resistance {unknown}
 n - a potion of heal wounds {unknown}
 q - 2 potions of curing {unknown}
 v - a potion of brilliance {unknown}
 x - a potion of haste {unknown}
 z - a potion of mutation {unknown}


   Skills:
 * Level 6.7 Fighting
 * Level 6.7 Axes
 * Level 6.2 Armour
 + Level 4.2 Dodging


You had 6 spell levels left.
You didn't know any spells.
Your spell library was empty.

Dungeon Overview and Level Annotations

Branches:
Dungeon (5/15)
 Temple: D:4-7

Altars:
Lugonu

Shops:
D:2 ?

Portals:
Abyss: D:5


Innate Abilities, Weirdness & Mutations

You have a pair of horns on your head.
You reflexively headbutt those who attack you in melee.


Message History

The kobold brigand hits you but does no damage.
Space warps around you.
You slash the kobold brigand!
The kobold brigand is severely wounded.
The kobold brigand hits you but does no damage.
Space warps around you!
The kobold brigand hits you but does no damage.
Space warps around you.
The kobold brigand hits you but does no damage.
Space warps around you.
You slash the kobold brigand!
Your headbutt misses the kobold brigand.
The kobold brigand is almost dead.
You slash the kobold brigand! The kobold brigand misses you.
The kobold brigand hits you but does no damage.
Space warps around you!
You slash the kobold brigand!
You kill the kobold brigand!
Trog accepts your kill.
You slash the kobold brigand!
The kobold brigand hits you but does no damage.
You blink.
A red film seems to cover your vision as you go berserk!
You feel yourself moving faster!
You feel mighty!
The kobold brigand hits you but does no damage.
You are cast into the Abyss!
This branch contains the abyssal rune of Zot.
You feel a strong urge to attack something.
Unknown command.
You feel your anger nearly subside.
You are no longer berserk.
You are exhausted.
You feel yourself slow down.
A white draconian stormcaller comes into view.
It is wielding a +0 rapier.
The white draconian stormcaller roars!
The smoke demon roars!
The white draconian stormcaller mumbles some strange prayers to Qazlal against you.
Qazlal smites you!
The white draconian stormcaller breathes frost at you.
The blast of cold hits you!!!
Ouch! That really hurt!
You die...

#.##..##
...... ....
##''###
###...#.# .
#.##....# ...#
#.......#....#
#.....@......#
#...§......#..
#..#3.#####..#
####§## ...#
#.#.q.##.∩...
#......#
##...#...#
###.#.....#
.... #.##.


You could see a white draconian stormcaller (catching breath) and a smoke demon.

Vanquished Creatures
  Grinder (D:4)
  Edmund (D:4)
  2 ogres (D:4)
  A kobold brigand (D:5)
  An orc priest (D:5)
  3 iguanas (D:5)
  Ijyb (D:4)
  An orc wizard (D:5)
  Robin (D:4)
  3 gnolls (D:2)
  5 adders
  A white imp (D:5)
  A worm (D:4)
  16 orcs
  4 endoplasms
  A giant cockroach (D:2)
  10 hobgoblins
  5 jackals (D:2)
  4 quokkas
  7 ball pythons
  5 bats
  3 frilled lizards
  12 goblins
  9 kobolds
  2 rats (D:3)
100 creatures vanquished.

Notes
Turn   | Place    | Note
-------+----------+-------------------------------------------
     0 | D:1      | sammy202020 the Minotaur Berserker began the quest for the
                  | Orb.
     0 | D:1      | Reached XP level 1. HP: 19/19 MP: 0/0
   833 | D:2      | Reached XP level 2. HP: 19/27 MP: 1/1
  1063 | D:2      | Reached XP level 3. HP: 30/33 MP: 2/2
  1163 | D:2      | Identified the amulet of Fedhas, Supporting {rPois Regen+}
  1292 | D:2      | Reached XP level 4. HP: 39/41 MP: 3/3
  1329 | D:2      | Found Uklomug's Magic Scroll Shoppe.
  1665 | D:3      | Reached ** piety under Trog
  2283 | D:4      | Noticed Ijyb
  2284 | D:4      | Noticed Grinder
  2298 | D:4      | Killed Ijyb
  2299 | D:4      | Killed Grinder
  2300 | D:4      | Reached skill level 5 in Fighting
  2300 | D:4      | Reached skill level 5 in Axes
  2300 | D:4      | Reached XP level 5. HP: 39/48 MP: 4/4
  2300 | D:4      | Reached XP level 6. HP: 45/56 MP: 5/5
  2315 | D:4      | Noticed Robin
  2329 | D:4      | Killed Robin
  2331 | D:4      | HP: 2/56 [goblin/+0 dagger of speed[Robin] (2)]
  2739 | D:4      | Noticed Edmund
  2757 | D:4      | Killed Edmund
  2758 | D:4      | Reached skill level 5 in Armour
  2884 | D:4      | Reached XP level 7. HP: 56/63 MP: 6/6
  3471 | D:5      | Entered Level 5 of the Dungeon
  3648 | D:5      | Reached *** piety under Trog
  3692 | D:5      | Found a one-way gate to the infinite horrors of the Abyss.
  3692 | D:5      | Identified the +4 short sword "Wiophyt" {distort, rC+}
  3752 | D:5      | Found a large runed translucent door.
  3754 | D:5      | Found a large runed translucent door.
  3760 | D:5      | Found a corrupted altar of Lugonu.
  3776 | D:5      | Cast into level 2 of the Abyss (kobold brigand)
  3790 | Abyss:2  | Noticed a white draconian stormcaller
  3791 | Abyss:2  | Noticed a smoke demon
  3791 | Abyss:2  | Killed from afar by a white draconian stormcaller

Illustrated notes

Levels and vault maps discovered:
D:1:      dpeg_arrival_tiny_e, layout_basic
D:2:      layout_rooms, serial_shops, nicolae_diamond_shop, st_stairs_10
D:3:      minmay_inner_zag, layout_basic
D:4:      layout_basic, uniq_ijyb, uniq_grinder, uniq_edmund, uniq_robin
D:5:      due_chaos_kobolds, layout_basic, uniq_crazy_yiuf_cottage
Abyss:2:  base:
D:3

Skill      XL: |  1  2  3  4  5  6  7 |
---------------+----------------------+-----
Axes           | 4 5 6 |  6.7
Fighting       | 4 5 6 |  6.7
Armour         | 3 4 5 6 |  6.2
Dodging        | 3 4 |  4.2

Action                   |  1- 3 |  4- 6 |  7- 9 || total
-------------------------+-------+-------+-------++-------
Melee: Hand axe          |    64 |   109 |    74 ||   247
       Headbutt          |     7 |    15 |    14 ||    36
       Punch             |     1 |       |       ||     1
       War axe           |       |       |     7 ||     7
Invok: Berserk           |       |     1 |     1 ||     2
       Trog's Hand       |       |     1 |       ||     1
  Use: Scroll            |       |     4 |       ||     4
       Potion            |       |     1 |       ||     1
Armor: Animal skin       |    10 |       |       ||    10
       Chain mail        |    21 |    53 |     2 ||    76
       Plate armour      |       |       |    55 ||    55
Dodge: Dodged            |    46 |    59 |    37 ||   142

Table legend: (Time is in decaauts)
 A = Elapsed time spent in this place.
 B = Non-inter-level travel time spent in this place.
 C = Inter-level travel time spent in this place.
 D = Time resting spent in this place.
 E = Time spent auto-exploring this place.
 F = Levels seen in this place.
 G = Mean time per level.
                   A        B        C        D        E       F      G
               +--------+--------+--------+--------+--------+-----+--------+
         Total |   3815 |   3746 |     69 |    147 |   2779 |   6 |  635.8 |
       Dungeon |   3795 |   3726 |     69 |    147 |   2779 |   5 |  759.0 |
         Abyss |     19 |     19 |      0 |      0 |      0 |   1 |   19.0 |
               +--------+--------+--------+--------+--------+-----+--------+

Top non-repeatable levels by time:
     D:4: 1198 daAuts
     D:1: 825 daAuts
     D:2: 798 daAuts
     D:3: 668 daAuts
     D:5: 305 daAuts
 Abyss:2: 19 daAuts
